 Dungeon Crawl Stone Soup version 0.29-a0-11-ga75d3d97ab (webtiles) character file.

Game seed: 16215432283404091424

481 issech the Cudgeller (level 6, -2/62 HPs)
             Began as a Troll Monk on Jan 28, 2022.
             Slain by a kobold brigand (5 damage)
             ... in a sewer.
             The game lasted 00:08:11 (2587 turns).

issech the Cudgeller (Troll Monk)                   Turns: 2587, Time: 00:08:13

Health: -2/62      AC:  4    Str: 26    XL:     6   Next: 87%
Magic:  5/5        EV: 11    Int: 12    God:
Gold:   76         SH:  0    Dex: 14    Spells: 5/5 levels left

rFire   . . .      SeeInvis .   z - +0 giant spiked club
rCold   . . .      Faith    .   (shield currently unavailable)
rNeg    . . .      Spirit   .   b - +0 robe
rPois   .          Reflect  .   (helmet restricted)
rElec   .          Harm     .   (no cloak)
rCorr   .          Rampage  .   (gloves unavailable)
Will    .....                   (boots unavailable)
Stlth   ++........              (no amulet)
HPRegen 1.00/turn               r - +6 ring of strength
MPRegen 0.09/turn               w - +6 ring of intelligence

@: lethally poisoned (-2 -> -5), slowed, very slow
A: large, unfitting armour, claws 3, regeneration 1, shaggy fur 1, tough skin 1
a: no special abilities


You were in a sewer.
You visited 1 branch of the dungeon, and saw 4 of its levels.
You also visited: Sewer.

You collected 76 gold pieces.

Inventory:

Hand Weapons
 a - a +0 short sword
 i - a +0 flail
 z - a +0 giant spiked club (weapon)
 A - a +0 short sword of speed
Missiles
 j - 99 stones (quivered)
 m - 12 poisoned darts
 s - 29 sling bullets
 t - 58 arrows
 B - 3 datura-tipped darts
Armour
 b - a +0 robe (worn)
Magical Staves
 y - a staff of death
Jewellery
 r - a +6 ring of strength (left claw)
 w - a +6 ring of intelligence (right claw)
Wands
 n - a wand of charming (4)
Scrolls
 o - 2 scrolls of amnesia {unknown}
 p - 2 scrolls of teleportation {unknown}
 q - 3 scrolls of identify {unknown}
 v - a scroll of fear {unknown}
 x - a scroll of magic mapping {unknown}
 C - a scroll of enchant weapon {unknown}
Potions
 c - a potion of mutation {unknown}
 d - a potion of brilliance {unknown}
 e - a potion of heal wounds {unknown}
 f - a potion of flight {unknown}
 g - a potion of attraction {unknown}
 h - a potion of cancellation {unknown}
 k - a potion of might {unknown}
 l - 4 potions of curing {unknown}
 u - a potion of berserk rage {unknown}


   Skills:
 + Level 3.8 Fighting
 + Level 2.9 Short Blades
 + Level 3.8 Maces & Flails
 + Level 3.7 Dodging
 + Level 1.4 Stealth


You had 5 spell levels left.
You didn't know any spells.
Your spell library contained the following spells:

 Spells                   Type           Power      Damage    Failure   Level
 Sting                    Tmut/Pois      0%         1d3       32%         1
 Poisonous Vapours        Pois/Air       0%         N/A       45%         2
 Olgreb's Toxic Radiance  Pois           0%         N/A       97%         4


Dungeon Overview and Level Annotations

Branches:
Dungeon (4/15)              Sewer (1/1)
 Temple: D:4-7

Altars:


Innate Abilities, Weirdness & Mutations

You are too large for most types of armour.
You have claws for hands.
Your natural rate of healing is unusually fast.
You are covered in fur. (AC +1)
You have tough skin. (AC +1)


Message History

The kobold brigand hits you with a +0 dagger.
* * * LOW HITPOINT WARNING * * *
The kobold brigand splashes around in the water.
You closely miss the kobold brigand.
The kobold brigand is severely wounded.
The kobold brigand hits you with a +0 dagger.
* * * LOW HITPOINT WARNING * * *
The kobold brigand splashes around in the water.
The jackal stops to sniff the water.
Unknown command.
You closely miss the kobold brigand.
The kobold brigand is severely wounded.
The kobold brigand hits you with a +0 dagger.
* * * LOW HITPOINT WARNING * * *
The kobold brigand hits you but does no damage.
The kobold brigand misses you.
You feel yourself speed up.
The kobold brigand splashes around in the water.
The kobold brigand throws a curare-tipped dart.
The curare-tipped dart hits you.
You are poisoned.
You have difficulty breathing.
* * * LOW HITPOINT WARNING * * *
You feel yourself slow down.
You feel very sick.
You feel sick.
The kobold brigand throws a curare-tipped dart.
The curare-tipped dart hits you.
You are more poisoned.
You have difficulty breathing.
* * * LOW HITPOINT WARNING * * *
You feel as though you will be slow longer.
Unknown command.
You barely miss the kobold brigand.
The kobold brigand is heavily wounded.
* * * LOW HITPOINT WARNING * * *
You feel extremely sick. The kobold brigand barely misses you.
The kobold brigand hits you with a +0 dagger.
You die...

#≈#
#≈#
#≈#
#≈#
#≈#
#K#
#K#
#K#
#@#
#≈#
#≈#
#≈#
#≈#
#.#
#.#
#†#
#.#


You could see a kobold brigand and 2 kobolds.

Vanquished Creatures
  Menkaure (D:4)
  A necrophage (D:2)
  An ogre (D:4)
  A water moccasin skeleton (D:4)
  A gnoll (D:1)
  2 adders (D:2)
  2 river rats (Sewer)
  An adder skeleton (D:2)
  2 worms (D:4)
  4 dart slugs
  4 endoplasms
  5 giant cockroaches
  4 goblins
  4 hobgoblins
  4 jackals (D:1)
  11 kobolds
  9 quokkas
  9 ball pythons
  4 bats
  5 frilled lizards
  7 rats
82 creatures vanquished.

Notes
Turn   | Place    | Note
-------+----------+-------------------------------------------
     0 | D:1      | issech the Troll Monk began the quest for the Orb.
     0 | D:1      | Reached XP level 1. HP: 22/22 MP: 0/0
    87 | D:1      | Found a faded altar of an unknown god.
    99 | D:1      | Reached XP level 2. HP: 22/29 MP: 1/1
   369 | D:1      | Reached XP level 3. HP: 15/36 MP: 2/2
   791 | D:2      | Reached XP level 4. HP: 41/45 MP: 3/3
  1060 | D:2      | Noticed a necrophage
  1072 | D:2      | Killed a necrophage
  1073 | D:2      | Reached skill level 1 in Maces & Flails
  1073 | D:2      | Reached XP level 5. HP: 35/53 MP: 4/4
  2179 | D:4      | Noticed Menkaure
  2184 | D:4      | Killed Menkaure
  2185 | D:4      | Reached XP level 6. HP: 49/61 MP: 5/5
  2469 | D:4      | Found a glowing drain.
  2492 | Sewer    | Entered a sewer
  2587 | Sewer    | HP: 3/62 [poisoned by a kobold brigand (curare-tipped
                  | dart)]
  2587 | Sewer    | Slain by a kobold brigand

Illustrated notes

Levels and vault maps discovered:
D:1:      tarquinn_simple_flora_water_e, layout_rooms,
          hellmonk_ecumenical_altar_heavens_door, bh_walls_and_bars
D:2:      layout_loops_ring
D:3:      layout_loops_cross
D:4:      layout_loops_ring, portal_sewer_entry_f, uniq_menkaure
Sewer:    sewer_kobolds

Skill      XL: |  1  2  3  4  5  6 |
---------------+-------------------+-----
Fighting       | 3 |  3.8
Dodging        | 3 |  3.7
Maces & Flails | 1 2 3 |  3.8
Short Blades   | |  2.9
Stealth        | |  1.4

Action                   |  1- 3 |  4- 6 || total
-------------------------+-------+-------++-------
Melee: Short sword       |    69 |       ||    69
       Punch             |     1 |       ||     1
       Flail             |    54 |    81 ||   135
       Giant spiked club |       |    66 ||    66
 Stab: Sleeping          |       |     1 ||     1
Armor: Robe              |    89 |    59 ||   148
Dodge: Dodged            |   121 |   111 ||   232

Table legend: (Time is in decaauts)
 A = Elapsed time spent in this place.
 B = Non-inter-level travel time spent in this place.
 C = Inter-level travel time spent in this place.
 D = Time resting spent in this place.
 E = Time spent auto-exploring this place.
 F = Levels seen in this place.
 G = Mean time per level.
                   A        B        C        D        E       F      G
               +--------+--------+--------+--------+--------+-----+--------+
         Total |   2713 |   2612 |    101 |     18 |   1165 |   5 |  542.6 |
       Dungeon |   2562 |   2461 |    101 |     18 |   1127 |   4 |  640.5 |
         Sewer |    151 |    151 |      0 |      0 |     38 |   1 |  151.0 |
               +--------+--------+--------+--------+--------+-----+--------+

Top non-repeatable levels by time:
     D:2: 878 daAuts
     D:1: 718 daAuts
     D:3: 621 daAuts
     D:4: 342 daAuts
   Sewer: 151 daAuts
